 Dungeon Crawl Stone Soup version 0.30-a0-134-gb40fab5c76 (webtiles) character file.

Game seed: 9792523197012956896

12352 scionoferis the Severer (level 12, -1/107 HPs)
             Began as a Meteoran Berserker on Sept 19, 2022.
             Was a High Priest of Trog.
             Slain by an orange demon (4 damage)
             ... led by Amaemon
             ... on level 11 of the Dungeon.
             The game lasted 00:44:34 (5643 turns).

scionoferis the Severer (Meteoran Berserker)        Turns: 5643, Time: 00:44:35

Health: -1/107     AC: 17    Str: 23    XL:     12   Next: 48%
Magic:  0/13       EV:  8    Int:  9    God:    Trog [*****.]
Gold:   614        SH:  0    Dex: 15    Spells: 11/11 levels left

rFire   . . .      SeeInvis +    M - +3 battleaxe (freeze)
rCold   . . .      Faith    .    (shield currently unavailable)
rNeg    . . .      Spirit   +    A - +0 plate armour
rPois   .          Reflect  .    o - +0 helmet
rElec   .          Harm     .    E - scarf {repulsion}
rCorr   .          Rampage  .    f - +0 pair of gloves
Will    ++++.                    (no boots)
Stlth   ..........               h - amulet of guardian spirit
HPRegen 1.27/turn                s - ring of willpower
MPRegen 0.13/turn                L - ring of see invisible

@: lethally poisoned (-1 -> -35), weakened, strong-willed, regenerating,
glowing, repel missiles
A: sense surroundings 2, otherworldly, glowing, explore regen
a: Renounce Religion, Berserk, Trog's Hand, Brothers in Arms


You were on level 11 of the Dungeon.
You worshipped Trog.
Trog was extremely pleased with you.
You visited 1 branch of the dungeon, and saw 11 of its levels.

You collected 614 gold pieces.

Inventory:

Hand Weapons
 a - a +0 war axe
 q - a +1 flail of draining
 B - a +0 sling
 M - a +3 battleaxe of freezing (weapon)
 N - a +4 morningstar
 R - a +0 shortbow
Missiles
 g - 73 poisoned darts
 u - 4 javelins
 v - 2 curare-tipped darts (quivered)
 w - 10 boomerangs
Armour
 f - a +0 pair of gloves (worn)
 m - a +1 scale mail of fire resistance
 o - a +0 helmet (worn)
 A - a +0 plate armour (worn)
 E - a scarf of repulsion (worn)
 K - a +0 buckler
Jewellery
 h - an amulet of guardian spirit (around neck)
 n - an amulet of regeneration
 s - a ring of willpower (left hand)
 L - a ring of see invisible (right hand)
Wands
 l - a wand of flame (16)
 z - a wand of iceblast (6)
Scrolls
 b - 4 scrolls of enchant weapon
 d - 4 scrolls of magic mapping
 e - 3 scrolls of fear
 i - 4 scrolls of immolation
 j - 6 scrolls of teleportation
 y - 2 scrolls of butterflies
 H - a scroll of vulnerability
 J - a scroll of silence
 O - a scroll of blinking {unknown}
Potions
 c - 4 potions of curing
 k - a potion of lignification
 p - 2 potions of flight
 r - 2 potions of might
 t - 3 potions of heal wounds
 x - 2 potions of mutation {unknown}
 C - 3 potions of resistance {unknown}
 D - a potion of berserk rage {unknown}
 F - 2 potions of cancellation {unknown}
 G - a potion of magic
 I - a potion of degeneration {unknown}
 P - a potion of haste
 Q - a potion of attraction {unknown}


   Skills:
 + Level 10.4 Fighting
 * Level 15.2 Axes
 + Level 10.4 Armour
 - Level 2.4 Dodging
 + Level 7.6 Evocations


You had 11 spell levels left.
You didn't know any spells.
Your spell library was empty.

Dungeon Overview and Level Annotations

Branches:
Dungeon (11/15) Zot: 955   Temple (0/1) D:6             Orc (0/2) D:9
   Lair: D:8-11

Altars:
Ashenzari
Cheibriados
Dithmenos
Gozag
Kikubaaqudgha
Nemelex Xobeh
Wu Jian

Shops:
D:8 (

Annotations:
D:11 Amaemon


Innate Abilities, Weirdness & Mutations

You passively map the area around you.
You are easily found by Zot.
You glow in the dark.
You regain HP and MP as you explore.


Message History

You are more poisoned.
The scorpion poisons you!
Unknown command.
You slash Amaemon! You freeze Amaemon!
Amaemon is almost dead.
You hit the scorpion. You freeze the scorpion. You hit the orange demon.
You freeze the orange demon. You barely miss the scorpion.
You slash the scorpion! You freeze the scorpion.
You kill the scorpion!
The scorpion's corpse disappears in a puff of smoke!
You hit the scorpion but do no damage.
You feel very sick. The scorpion stings you.
* * * LOW HITPOINT WARNING * * *
You are lethally poisoned!
The scorpion poisons you! The orange demon stings you.
* * * LOW HITPOINT WARNING * * *
The orange demon hits you but does no damage.
Amaemon hits you but does no damage.
You are more poisoned.
Amaemon claws you but does no damage. Amaemon tail-slaps you.
* * * LOW HITPOINT WARNING * * *
You are more poisoned.
Amaemon poisons you! The scorpion stings you.
* * * LOW HITPOINT WARNING * * *
The scorpion stings you but does no damage.
You closely miss Amaemon.
Amaemon is almost dead.
You hit the scorpion but do no damage. You slash the orange demon!
You freeze the orange demon. You hit the scorpion but do no damage.
You slash the scorpion! You freeze the scorpion.
You kill the scorpion!
The scorpion's corpse disappears in a puff of smoke!
* * * LOW HITPOINT WARNING * * *
You feel extremely sick.
The orange demon no longer looks unusually toxic.
The scorpion closely misses you. The orange demon stings you.
* * * LOW HITPOINT WARNING * * *
The orange demon hits you.
You die...

, ,.... * * ,
, ** #..# ,...
, . * #... ...
* ,,,.. * #..#
...#* * ,, ,#.
* #..#....#*
** , ,
#..###..#....#
,
#.[..)......#
** #.§s......#
, *
#.§@6.....# ,
*, ,*
#..4s...... *
, *
#.....##... ,,
#.....# ,.., ,
#.....#* ,. ,,
, #.....# , ,
, , #.....#*,,
,,* , ,
#.....# , ,,,
, ,


You could see Amaemon, an orange demon and 2 scorpions.

Vanquished Creatures
  Josephine (D:10)
  2 two-headed ogres
  Pikel (D:5)
  The ghost of NinjaNoafa the Gusty, a novice DrAE of Sif Muna (D:6)
  Maurice (D:10)
  2 kobold demonologists
  Grinder (D:5)
  Sigmund (D:3)
  A shadow (D:9)
  3 wraiths (D:10)
  25 yaks
  2 steam dragons
  Edmund (D:4)
  4 orc warriors
  An ice beast (D:7)
  2 sky beasts
  An ogre (D:5)
  2 centaurs
  A lemure (D:5)
  2 phantoms
  12 kobold brigands
  A bullfrog (D:7)
  A gnoll sergeant (D:6)
  2 scorpions
  7 wights
  9 howler monkeys
  3 hounds
  A gnoll bouda (D:9)
  8 jellies
  3 orc priests
  Jessica (D:2)
  Terence (D:3)
  Natasha (twice) (D:3)
  2 iguanas
  12 orc wizards
  Robin (D:3)
  9 gnolls
  5 adders
  4 worms
  2 dart slugs
  37 orcs
  11 ball pythons
  16 endoplasms
  A giant cockroach (D:2)
  7 hobgoblins
  3 jackals (D:3)
  3 quokkas
  8 bats
  5 frilled lizards
  12 goblins
  49 kobolds
  11 rats
304 creatures vanquished.

Vanquished Creatures (others)
  A kobold (D:9)
  3 fungi (D:4)
  7 toadstools (D:4)
  2 withered plants (D:6)
13 creatures vanquished.

Grand Total: 317 creatures vanquished

Notes
Turn   | Place    | Note
-------+----------+-------------------------------------------
     0 | D:1      | scionoferis the Meteoran Berserker began the quest for the
                  | Orb.
     0 | D:1      | Reached XP level 1. HP: 19/19 MP: 2/2
   172 | D:1      | Reached XP level 2. HP: 15/26 MP: 3/3
   177 | D:1      | Reached skill level 4 in Axes
   319 | D:1      | Found a faded altar of an unknown god.
   374 | D:1      | Reached XP level 3. HP: 30/31 MP: 4/4
   489 | D:1      | Glimpsed the power of Zot.
   557 | D:2      | Reached XP level 4. HP: 40/40 MP: 5/5
   578 | D:2      | Reached ** piety under Trog
   597 | D:2      | Reached skill level 5 in Axes
   889 | D:2      | Noticed Jessica
   907 | D:2      | Killed Jessica
   908 | D:2      | Reached XP level 5. HP: 23/41 MP: 3/6
   976 | D:3      | Noticed Robin
   989 | D:3      | Killed Robin
  1084 | D:3      | Found a sparkling altar of Nemelex Xobeh.
  1108 | D:3      | Noticed Natasha
  1118 | D:3      | Killed Natasha
  1119 | D:3      | Reached skill level 6 in Axes
  1256 | D:3      | Noticed Sigmund
  1320 | D:3      | Killed Sigmund
  1321 | D:3      | Reached XP level 6. HP: 45/55 MP: 5/7
  1409 | D:3      | Noticed Terence
  1415 | D:3      | Killed Terence
  1416 | D:3      | Reached skill level 5 in Fighting
  1416 | D:3      | Reached skill level 7 in Axes
  1416 | D:3      | Reached XP level 7. HP: 61/61 MP: 8/8
  1463 | D:3      | Found a snail-covered altar of Cheibriados.
  1474 | D:3      | Found an opulent altar of Gozag.
  1491 | D:3      | Noticed Natasha
  1504 | D:3      | Killed Natasha
  1688 | D:4      | Noticed Edmund
  1699 | D:4      | Killed Edmund
  1741 | D:4      | Reached skill level 8 in Axes
  1741 | D:4      | Reached XP level 8. HP: 69/69 MP: 9/9
  1770 | D:4      | Reached *** piety under Trog
  2162 | D:5      | Entered Level 5 of the Dungeon
  2241 | D:5      | Reached skill level 5 in Armour
  2249 | D:5      | Reached skill level 9 in Axes
  2277 | D:5      | Gained mutation: You passively map the area around you.
                  | [Meteoran growth]
  2277 | D:5      | Reached XP level 9. HP: 78/78 MP: 8/10
  2596 | D:5      | Noticed Grinder
  2608 | D:5      | Reached skill level 10 in Axes
  2633 | D:5      | Killed Grinder
  2703 | D:5      | Noticed Pikel
  2731 | D:5      | Killed Pikel
  2732 | D:5      | Reached skill level 11 in Axes
  2740 | D:5      | Found a broken altar of Ashenzari.
  2876 | D:5      | Glimpsed the power of Zot.
  2927 | D:5      | Glimpsed the power of Zot.
  2988 | D:6      | Reached XP level 10. HP: 88/88 MP: 9/11
  2989 | D:6      | Reached skill level 1 in Evocations
  3155 | D:6      | Reached **** piety under Trog
  3199 | D:6      | Found a staircase to the Ecumenical Temple.
  3359 | D:6      | Found a runed translucent door.
  3359 | D:6      | Noticed NinjaNoafa's ghost (novice DrAE)
  3375 | D:6      | Killed NinjaNoafa's ghost
  3490 | D:6      | Glimpsed the power of Zot.
  3514 | D:7      | Reached skill level 12 in Axes
  3569 | D:7      | Found an ancient bone altar of Kikubaaqudgha.
  4199 | D:8      | Reached XP level 11. HP: 38/93 MP: 6/12
  4261 | D:8      | Reached skill level 13 in Axes
  4373 | D:8      | Found Extirev's Weapon Shop.
  4451 | D:8      | Found an ornate altar of the Wu Jian Council.
  4484 | D:8      | Reached ***** piety under Trog
  4686 | D:9      | Reached skill level 5 in Evocations
  4706 | D:9      | Identified the +0 robe of the Dice {rElec Int+6}
  4708 | D:9      | Found a staircase to the Orcish Mines.
  4768 | D:9      | Received a gift from Trog
  4777 | D:9      | Reached skill level 14 in Axes
  4848 | D:9      | Found a shadowy altar of Dithmenos.
  5044 | D:9      | Noticed a two-headed ogre
  5049 | D:9      | Killed a two-headed ogre
  5092 | D:10     | Entered Level 10 of the Dungeon
  5097 | D:10     | Noticed a two-headed ogre
  5104 | D:10     | Killed a two-headed ogre
  5158 | D:10     | Reached XP level 12. HP: 101/106 MP: 13/13
  5226 | D:10     | Reached skill level 10 in Fighting
  5312 | D:10     | Noticed Josephine
  5320 | D:10     | Killed Josephine
  5321 | D:10     | Reached skill level 10 in Armour
  5333 | D:10     | Reached skill level 15 in Axes
  5542 | D:10     | Noticed Maurice
  5562 | D:10     | Killed Maurice
  5617 | D:11     | Noticed Amaemon
  5643 | D:11     | HP: 4/107 [poisoned by Amaemon]
  5643 | D:11     | Slain by an orange demon

Illustrated notes

Levels and vault maps discovered:
D:1:      nzn_arrival_depleted_hourglass, layout_loops_ring,
          shapermc_ecumenical_altar_pompeii, st_stairs_1
D:2:      cheibrodos_helix_gallery, layout_basic, uniq_jessica
D:3:      layout_basic, mainiacjoe_overflow_alcove_1, minitemple, st_stairs_14,
          wander_ebering_terrifying_dragon_lair, uniq_terence, uniq_natasha,
          uniq_sigmund, uniq_robin
D:4:      cheibrodos_fertilizer, layout_basic, uniq_edmund
D:5:      layout_gridville, mainiacjoe_overflow_boulevard, chequers_avenue,
          guppyfry_early_orc_mine, uniq_grinder, uniq_pikel
D:6:      mumra_celtic_spiral_tile, layout_loops_ring,
          minmay_temple_entry_butterflies, gammafunk_ghost_grave
D:7:      minmay_spotlight, layout_rooms, mainiacjoe_overflow_surrounded_room
D:8:      layout_loops_corners, mainiacjoe_overflow_concentric_impassable,
          serial_shops, nicolae_take_the_stairs
D:9:      layout_rooms, grunt_dithmenos_shadows, orc_0_dummy
D:10:     layout_loops_ring, uniq_maurice, uniq_josephine
D:11:     layout_rooms, dpeg_lair_monsters, uniq_amaemon, uniq_grum, uniq_snorg,
          uniq_erica, uniq_nergalle

Skill      XL: |  1  2  3  4  5  6  7  8  9 10 11 12 |
---------------+-------------------------------------+-----
Axes           | 4 5 6 7 8 9 11 12 14 15 | 15.2
Fighting       | 4 5 6 7 8 9 10 | 10.4
Armour         | 3 4 5 7 8 9 10 | 10.4
Evocations     | 4 6 7 |  7.6
Dodging        | |  2.4

Action                   |  1- 3 |  4- 6 |  7- 9 | 10-12 || total
-------------------------+-------+-------+-------+-------++-------
Melee: Hand axe          |    80 |   119 |   361 |   188 ||   748
       Punch             |     1 |       |     6 |     3 ||    10
       War axe           |       |       |       |    70 ||    70
       Battleaxe         |       |       |       |   235 ||   235
Throw: Dart              |       |     5 |       |     1 ||     6
Invok: Berserk           |     1 |     2 |     7 |     5 ||    15
       Trog's Hand       |       |       |     2 |     2 ||     4
Evoke: Wand              |       |       |     2 |       ||     2
  Use: Potion            |       |     5 |     1 |     1 ||     7
       Scroll            |       |     1 |     6 |     5 ||    12
Armor: Animal skin       |    25 |     1 |       |       ||    26
       Chain mail        |       |    30 |   150 |       ||   180
       Ring mail         |       |     8 |       |       ||     8
       Skin              |       |    10 |       |       ||    10
       Plate armour      |       |       |    43 |   275 ||   318
Dodge: Dodged            |    37 |    43 |    99 |   118 ||   297
       Repelled          |       |       |       |     1 ||     1

Table legend: (Time is in decaauts)
 A = Elapsed time spent in this place.
 B = Non-inter-level travel time spent in this place.
 C = Inter-level travel time spent in this place.
 D = Time resting spent in this place.
 E = Time spent auto-exploring this place.
 F = Levels seen in this place.
 G = Mean time per level.
                   A        B        C        D        E       F      G
               +--------+--------+--------+--------+--------+-----+--------+
         Total |   5643 |   5480 |    163 |     12 |      0 |  11 |  513.0 |
       Dungeon |   5643 |   5480 |    163 |     12 |      0 |  11 |  513.0 |
               +--------+--------+--------+--------+--------+-----+--------+

Top non-repeatable levels by time:
     D:5: 747 daAuts
     D:8: 703 daAuts
     D:3: 687 daAuts
    D:10: 561 daAuts
     D:6: 558 daAuts
     D:4: 522 daAuts
     D:1: 510 daAuts
     D:2: 483 daAuts
     D:9: 452 daAuts
     D:7: 401 daAuts
    D:11: 16 daAuts
